 Dungeon Crawl Stone Soup version 0.25-a0-105-g2289b3b9f1 (webtiles) character file.

Game seed: 12312955434494180585, levelgen mode: deterministic

44 mortelune the Cutter (level 3, -1/26 HPs)
             Began as a Demonspawn Wanderer on Nov 16, 2019.
             Was a Follower of Qazlal.
             Slain by a gnoll
             ... wielding a +0 spear
              (8 damage)
             ... on level 3 of the Dungeon.
             The game lasted 00:07:38 (2798 turns).

mortelune the Cutter (Demonspawn Wanderer)          Turns: 2798, Time: 00:07:38

Health: -1/26      AC:  4    Str: 12    XL:     3   Next: 41%
Magic:  0/5        EV: 11    Int: 14    God:    Qazlal [*.....]
Gold:   127        SH:  1    Dex: 12    Spells: 0/4 levels left

rFire    x . .     SeeInvis .   a - +0 short sword
rCold    + . .     Gourm    .   (no shield)
rNeg     . . .     Faith    .   m - +0 robe
rPois    .         Spirit   .   i - +0 helmet
rElec    .         Reflect  .   o - +0 cloak
rCorr    .         Harm     .   (no gloves)
MR       .....                  (no boots)
Stlth    ++........             (no amulet)
HPRegen  0.08/turn              c - ring of ice
MPRegen  0.09/turn              (no ring)

@: no status effects
A: rot immunity
a: Renounce Religion


You were on level 3 of the Dungeon.
You worshipped Qazlal.
Qazlal was aware of your devotion.
You were not hungry.

You visited 1 branch of the dungeon, and saw 3 of its levels.

You collected 127 gold pieces.

Inventory:

Hand Weapons
 a - a +0 short sword (weapon)
 e - a +0 dagger
Armour
 d - a +0 robe
 i - a +0 helmet (worn)
 m - a +0 robe (worn)
 o - a +0 cloak (worn)
Jewellery
 c - a ring of ice (left hand)
Scrolls
 h - a scroll of enchant armour
 j - 3 scrolls of remove curse
 u - 3 scrolls of identify
Potions
 g - a potion of brilliance
 k - a potion of resistance
 l - a potion of magic
 q - a potion of flight
 s - 2 potions of curing {unknown}
 t - a potion of invisibility {unknown}
 v - a potion of agility {unknown}
Comestibles
 f - 5 rations


   Skills:
 + Level 1.6 Fighting
 - Level 2.6 Short Blades
 - Level 1.7 Stealth
   Level 1.0 Shields
 + Level 1.4 Spellcasting
 * Level 1.5 Conjurations
 * Level 2.4 Air Magic


You couldn't memorise any spells.
You knew the following spells:

 Your Spells              Type           Power        Failure   Level  Hunger
a - Shock                 Conj/Air       #...         11%         1    ##.....
b - Static Discharge      Conj/Air       #.......     32%         3    ####...

Your spell library contained the following spells:

 Spells                   Type           Power        Failure   Level  Hunger
 Flame Tongue             Conj/Fire      #....        19%         1    ##.....
 Swiftness                Chrm/Air       #.......     22%         2    ###....
 Conjure Flame            Conj/Fire      #.......     50%         3    ####...
 Airstrike                Air            #.........   65%         4    #####..
 Lightning Bolt           Conj/Air       #.........   97%         5    ######.


Dungeon Overview and Level Annotations

Branches:
Dungeon (3/15)

Altars:
Kikubaaqudgha
Makhleb
Qazlal
Ru
Xom
The Shining One


Innate Abilities, Weirdness & Mutations

You are immune to rotting.


Message History

You don't have enough magic to cast that spell.
Magic courses through your body. The gnoll hits you with a +0 spear.
* * * LOW HITPOINT WARNING * * *
Casting: Static Discharge (safe; 32% risk of failure)
Confirm with . or Enter, or press ? or * to list all spells.
You miscast Static Discharge.
You are very lightly contaminated with residual magic.
You hear a whooshing sound.
The gnoll hits you but does no damage.
Casting: Static Discharge (safe; 32% risk of failure)
Confirm with . or Enter, or press ? or * to list all spells.
You miscast Static Discharge.
Nothing appears to happen.
The gnoll closely misses you.
It was a potion of cancellation.
Your magical effects are unravelling.
You feel magically purged.
Your magical contamination has completely faded away.
You float gracefully downwards.
The gnoll barely misses you.
The gnoll hits you from afar with a +0 spear!
You die...

,,,,,,og..........#####.).######.
***,*,.##.#.o.......§§...).§○☼.#.
*,,,*,,**,#........○§○.....§○°.#.
*,***,,**,#)#o#.#..○§§...(.§☼§.#.
*,* *,,**,#.#o#.#.#####...######.
,,* *,,**,#.#.#...# #☼☼§# #.. ,,*
*,,**,#,#.###.# #§☼.# ### ,,*
*,,**,*,#o##### #☼.§# #.. ,**
*,,**,*,#og.@)#####...#####..
,****,,**,*,#######.##.#####.#.#.
,,,,,,,**,*,**** #........#...#.
,*****,**,,,,,,* #........##..#.
,*****,**,,,,,,* #........##..#.
,,,,,,,,,,,,,,,* #........#...#.
,,****,***,..,,* #........#...#.
*,* *,* *,...,* #.)......#(#.#.
*,* *,* *,,...* #.#............


You could see a gnoll and 2 orcs.

Vanquished Creatures
  A leopard gecko (D:1)
  3 orcs
  A ball python (D:1)
  2 giant cockroaches
  5 hobgoblins
  7 kobolds
  6 bats (D:1)
  A frilled lizard (D:2)
  6 goblins
  6 rats
38 creatures vanquished.

Vanquished Creatures (others)
  3 orcs (D:3)
  A hobgoblin (D:3)
4 creatures vanquished.

Grand Total: 42 creatures vanquished

Notes
Turn   | Place    | Note
-------+----------+-------------------------------------------
     0 | D:1      | mortelune the Demonspawn Wanderer began the quest for the
                  | Orb.
     0 | D:1      | mortelune set off with the following items: a +0 short
                  | sword, a +0 robe, a +0 dagger, a ration; and the following
                  | spells available to memorise: Shock, Flame Tongue,
                  | Swiftness, Static Discharge, Conjure Flame, Airstrike,
                  | Lightning Bolt
     0 | D:1      | Reached XP level 1. HP: 15/15 MP: 2/2
     2 | D:1      | Learned a level 1 spell: Shock
     3 | D:1      | Noticed an electric eel
   297 | D:1      | Gained mutation: You are immune to rotting. [demonic
                  | ancestry]
   297 | D:1      | Reached XP level 2. HP: 15/21 MP: 1/3
   526 | D:1      | Reached skill level 1 in Conjurations
  1859 | D:2      | Found a faded altar of an unknown god.
  1859 | D:2      | Found a faded altar of an unknown god.
  1864 | D:2      | Found a sacrificial altar of Ru.
  1866 | D:2      | Found an ancient bone altar of Kikubaaqudgha.
  1868 | D:2      | Found a glowing golden altar of the Shining One.
  1939 | D:2      | Reached XP level 3. HP: 26/26 MP: 3/5
  2043 | D:2      | Found a shimmering altar of Xom.
  2050 | D:2      | Found a burning altar of Makhleb.
  2243 | D:2      | Became a worshipper of Qazlal Stormbringer
  2243 | D:2      | Reached * piety under Qazlal
  2666 | D:2      | Learned a level 3 spell: Static Discharge
  2783 | D:3      | HP: 1/26 [gnoll/+0 spear (9)]
  2798 | D:3      | Slain by a gnoll

Levels and vault maps discovered:
D:1:      arrival_aquarium_a, layout_loops_cross
D:2:      layout_basic, minitemple, chequers_temple_overflow_minitemple,
          fountainhead
D:3:      layout_basic, marbit_many_paths, lemuel_flame_loot_1

Skill      XL: |  1  2 |
---------------+-------+-----
Air Magic      | 2 |  2.4
Conjurations   | 1 |  1.5
Fighting       | |  1.6
Short Blades   | |  2.6
Stealth        | |  1.7
Shields        | |  1.0
Spellcasting   | |  1.4

Action                   || total
-------------------------++-------
Melee: Short sword       ||   102
 Cast: Shock             ||    59
       Static Discharge  ||     1
  Use: Scroll            ||     7
       Potion            ||     5
  Eat: Chunk             ||     2
       Ration            ||     2
Armor: Robe              ||    25
Dodge: Dodged            ||    77
Block: Other             ||     3

Table legend:
 A = Non-vault XP
 B = Vault XP
 C = Vault XP percentage of total XP
 D = Non-vault monster count
 E = Vault monster count
 F = Vault count percentage of total count
                 A         B        C        D         E       F
            +---------+---------+-------+---------+---------+-------
      Total |      64 |       0 |   0.0 |      38 |       0 |   0.0
            +---------+---------+-------+---------+---------+-------
        D:1 |      29 |       0 |   0.0 |      19 |       0 |   0.0
        D:2 |      23 |       0 |   0.0 |      12 |       0 |   0.0
        D:3 |      12 |       0 |   0.0 |       7 |       0 |   0.0
            +---------+---------+-------+---------+---------+-------
